 Dungeon Crawl Stone Soup version 0.29.0-4-gdea44cf6ec (webtiles) character file.

Game seed: 3427668143242204308

17 qw the Chopper (level 2, -2/21 (24) HPs)
             Began as a Barachi Chaos Knight on Sept 6, 2022.
             Slain by a hobgoblin
             ... wielding a +0 mace of draining
              (5 damage)
             ... on level 1 of the Dungeon.
             The game lasted 00:00:14 (402 turns).

qw the Chopper (Barachi Chaos Knight)                Turns: 402, Time: 00:00:15

HP:   -2/21 (24)    AC:  5    Str: 13    XL:     2   Next: 62%
MP:   2/2           EV: 11    Int: 12    God:
Gold: 34            SH:  0    Dex: 11    Spells: 1/1 levels left

rFire   . . .      SeeInvis .   a - +0 hand axe (chaos)
rCold   . . .      Faith    .   (no shield)
rNeg    . . .      Spirit   .   b - +2 leather armour
rPois   .          Reflect  .   (no helmet)
rElec   .          Harm     .   (no cloak)
rCorr   .          Rampage  .   (no gloves)
Will    .....                   (no boots)
Stlth   +.........              (no amulet)
HPRegen 0.07/turn               (no ring)
MPRegen 0.08/turn               (no ring)

@: heavily drained, slow
A: amphibious, slowness 1, strong legs 1, +LOS
a: Hop


You were on level 1 of the Dungeon.
You visited 1 branch of the dungeon, and saw 1 of its levels.

You collected 34 gold pieces.


Innate Abilities, Weirdness & Mutations

You are amphibious.
You cover ground slowly.
You can hop short distances.
You have an extended range of vision and can be seen from far away.


   Skills:
 - Level 3.6 Fighting
 + Level 4.3 Axes
 - Level 2.4 Armour
 - Level 1.1 Dodging


You had one spell level left.
You didn't know any spells.
Your spell library was empty.

Inventory:

Hand Weapons
 a - a +0 hand axe of chaos (weapon)
 f - a +0 club
Armour
 b - a +2 leather armour (worn)
 e - a +0 ring mail
Jewellery
 d - a +4 ring of evasion
Miscellaneous
 c - a piece from Xom's chessboard (15/15)

Dungeon Overview and Level Annotations

Branches:
Dungeon (1/15)

Altars:


Message History

372 ||| Stepping ~*~*~tactically~*~*~ (hiding).
You start resting.
A dart slug is nearby!
The dart slug bites you but does no damage.
You hit the dart slug.
The dart slug is heavily wounded.
You hit the dart slug.
You kill the dart slug!
You start resting.
HP restored.
The hobgoblin shouts!
A ball python comes into view.
A rat comes into view.
391 ||| Stepping ~*~*~tactically~*~*~ (stealth).
A kobold comes into view. It is wielding a +0 dagger.
392 ||| Stepping ~*~*~tactically~*~*~ (stealth).
The kobold shouts!
You hit the rat but do no damage. Lightning courses through the rat!!
You kill the rat!
The ball python hisses angrily.
You hit the kobold.
The kobold is poisoned.
The kobold is severely wounded.
You kill the kobold!
You closely miss the hobgoblin.
The hobgoblin hits you but does no damage.
You feel drained. The ball python barely misses you. The ball python grabs you.
The ball python constricts you.
You closely miss the ball python. You hit the hobgoblin.
You burn the hobgoblin.
The hobgoblin hits you with a +0 mace of draining!
You feel drained. The ball python barely misses you.
The ball python constricts you.
You closely miss the ball python. You barely miss the hobgoblin.
The hobgoblin barely misses you. The ball python barely misses you.
The ball python constricts you.
The hobgoblin hits you with a +0 mace of draining!
You feel drained.
You slash the ball python!
You feel better.
You kill the ball python!
You closely miss the hobgoblin.
The hobgoblin hits you with a +0 mace of draining.
You die...

... .S g.##. ..#.. ....
##..# ######...# #
#......#.#.#
#.....g#...#
#.....@%#### #.......#
#.......# #.......#
#######.#### ...
#...##..# ....
#......#####....#
.....# #)..............
..#..#.#...#.#####....#


You could see a hobgoblin.

Vanquished Creatures
  A dart slug (D:1)
  2 ball pythons (D:1)
  A bat (D:1)
  An endoplasm (D:1)
  2 giant cockroaches (D:1)
  2 goblins (D:1)
  A hobgoblin (D:1)
  A kobold (D:1)
  A frilled lizard (D:1)
  2 rats (D:1)
14 creatures vanquished.

Notes
Turn   | Place    | Note
-------+----------+-------------------------------------------
     0 | D:1      | qw the Barachi Chaos Knight began the quest for the Orb.
     0 | D:1      | Reached XP level 1. HP: 18/18 MP: 1/1
     0 | D:1      | 0 ||| qw: Version: 0.1-a-108-g9e35731
     0 | D:1      | 0 ||| qw: Game counter: 6188
     0 | D:1      | 0 ||| qw: Always use a shield: true
     0 | D:1      | 0 ||| qw: God list: Okawaru
     0 | D:1      | 0 ||| qw: Allow faded altars: false
     0 | D:1      | 0 ||| qw: Do Orc after D:15 true
     0 | D:1      | 0 ||| qw: Do second Lair branch before Depths: true
     0 | D:1      | 0 ||| qw: Lair rune preference: random
     0 | D:1      | 0 ||| qw: Plans: Normal
     0 | D:1      | 0 ||| PLANNING D:1-11
     0 | D:1      | Fell from the grace of Xom
    23 | D:1      | 23 ||| Stepping ~*~*~tactically~*~*~ (stealth).
    55 | D:1      | 55 ||| Stepping ~*~*~tactically~*~*~ (stealth).
    56 | D:1      | 56 ||| Stepping ~*~*~tactically~*~*~ (stealth).
    57 | D:1      | 57 ||| Stepping ~*~*~tactically~*~*~ (stealth).
    58 | D:1      | 58 ||| Stepping ~*~*~tactically~*~*~ (stealth).
    82 | D:1      | Reached XP level 2. HP: 20/24 MP: 2/2
   171 | D:1      | Reached skill level 4 in Axes
   245 | D:1      | 245 ||| Stepping ~*~*~tactically~*~*~ (hiding).
   347 | D:1      | 347 ||| Stepping ~*~*~tactically~*~*~ (hiding).
   363 | D:1      | 363 ||| Stepping ~*~*~tactically~*~*~ (stealth).
   364 | D:1      | 364 ||| Stepping ~*~*~tactically~*~*~ (stealth).
   368 | D:1      | 368 ||| Stepping ~*~*~tactically~*~*~ (hiding).
   372 | D:1      | 372 ||| Stepping ~*~*~tactically~*~*~ (hiding).
   391 | D:1      | 391 ||| Stepping ~*~*~tactically~*~*~ (stealth).
   392 | D:1      | 392 ||| Stepping ~*~*~tactically~*~*~ (stealth).
   401 | D:1      | HP: 4/22 [hobgoblin/+0 mace of draining (7)]
   401 | D:1      | HP: 1/21 [hobgoblin/+0 mace of draining (3)]
   402 | D:1      | Slain by a hobgoblin

Levels and vault maps discovered:
D:1:      minmay_arrival_doors, layout_basic, shapermc_ecumenical_altar_ellora

Skill      XL: |  1  2 |
---------------+-------+-----
Axes           | 4 |  4.3
Fighting       | |  3.6
Armour         | |  2.4
Dodging        | |  1.1

Action                   || total
-------------------------++-------
Melee: Hand axe          ||    42
       Punch             ||     1
Invok: Renounce Religion ||     1
Armor: Leather armour    ||    15
Dodge: Dodged            ||    17

Table legend:
 A = Non-vault XP
 B = Vault XP
 C = Vault XP percentage of total XP
 D = Non-vault monster count
 E = Vault monster count
 F = Vault count percentage of total count
                 A         B        C        D         E       F
            +---------+---------+-------+---------+---------+-------
      Total |      26 |       0 |   0.0 |      14 |       0 |   0.0
            +---------+---------+-------+---------+---------+-------
        D:1 |      26 |       0 |   0.0 |      14 |       0 |   0.0
            +---------+---------+-------+---------+---------+-------
